Map: Blueshift LE

Players

GUY - Winner!

  • Race: Terran Terran
  • League: Silver
  • Spawn Location: 7:00

Smileblind

  • Race: Terran Terran
  • League: Silver
  • Spawn Location: 1:00

VOD

Have the link to the VOD?

Description

Time

  • Played on: Jan. 16, 2019, 5:47 a.m.
  • Length: 17:29
Show
View Real Time Build Order
Export as new Build Order

GUY Terran - Winner!

Build Orders:  

Get SALT Encoding   

  12  0:01  SCV  
  13  0:13  SCV  
  14  0:23  Supply Depot  
  14  0:25  SCV  
  15  0:33  Refinery  
  15  0:44  SCV  
  16  0:56  SCV  
  17  1:03  Barracks  
  17  1:09  SCV, Supply Depot  
  18  1:21  SCV  
  19  1:27  Refinery  
  19  1:33  SCV  
  20  1:45  SCV  
  21  1:54  Barracks  
  21  1:57  SCV, Barracks  
  22  2:06  Marine  
  22  2:09  SCV  
  23  2:21  SCV  
  24  2:23  Marine  
  25  2:33  SCV  
  26  2:41  Marine  
  27  2:46  SCV, Marine  
  27  2:47  Marine  
  30  2:53  Factory  
  30  2:58  SCV  
  31  3:02  Supply Depot  
  31  3:23  Marine  
  31  3:24  SCV, Marine x2  
  34  3:41  Marine  
  34  3:42  Marine x2  
  34  3:43  Factory Tech Lab  
  34  3:45  Starport  
  37  3:55  Orbital Command  
  37  3:59  Marine x2  
  39  4:14  Marine  
  39  4:31  Supply Depot  
  39  4:36  Supply Depot, Siege Tank, Medivac, Marine  
  45  4:40  Marine  
  45  4:42  Marine  
  47  4:54  Marine  
  47  4:55  Supply Depot  
  48  5:00  Marine  
  48  5:01  Marine  
  50  5:07  Engineering Bay  
  50  5:08  Siege Tank  
  50  5:12  Marine  
  46  6:36  Marine  
  46  6:37  Marine  
  46  6:38  Marine  
  49  6:54  Marine  
  49  6:55  Marine  
  49  6:56  Factory Tech Lab, Marine  
  52  7:03  Command Center  
  52  7:05  Supply Depot  
  52  7:12  Marine  
  52  7:13  Marine x2  
  55  7:23  Banshee  
  55  7:24  Cloaking Field  
  58  7:30  Marine  
  58  7:31  Marine  
  58  7:32  Starport  
  58  7:36  Supply Depot  
  60  7:44  Siege Tank  
  63  7:48  Marine  
  64  7:59  Supply Depot  
  64  8:01  Barracks Tech Lab  
  64  8:02  Marine  
  65  8:06  Banshee, Marine  
  65  8:11  Starport Tech Lab  
  69  8:16  Terran Infantry Weapons Level 1, Siege Tank  
  72  8:20  Marine  
  72  8:22  Supply Depot, Engineering Bay  
  72  8:24  Marine  
  74  8:45  Supply Depot  
  74  8:49  Banshee  
  77  9:05  Refinery  
  77  9:06  SCV  
  77  9:08  Supply Depot, Refinery  
  78  9:19  SCV  
  79  9:31  SCV, Banshee  
  72  9:43  SCV  
  67  9:55  SCV  
  48  10:16  Banshee  
  48  10:17  Siege Tank  
  88  10:21  Medivac  
  54  10:24  Marine  
  54  10:25  Marine  
  58  10:31  SCV  
  59  10:42  Marine  
  60  10:43  SCV  
  60  10:49  Siege Tank  
  64  10:51  Banshee  
  67  10:58  Banshee  
  38  13:34  Terran Infantry Armor Level 1  
  38  13:44  Command Center  
  38  14:03  Marine  
  38  14:04  Marine  
  38  14:05  Marine  
  38  14:06  Combat Shield  
  41  14:12  Banshee  
  41  14:14  Factory Tech Lab  
  44  14:21  Marine  
  44  14:22  Marine  
  44  14:23  Marine  
  47  14:30  Supply Depot  
  47  14:34  Siege Tank  
  50  14:39  Marine  
  50  14:40  Marine  
  50  14:41  Marine  
  53  14:54  Banshee  
  53  14:56  Marine  
  53  14:57  Marine  
  53  14:58  Marine  
  59  15:06  Siege Tank  
  60  15:14  Marine  
  60  15:15  Marine  
  60  15:16  Marine  
  60  15:20  Liberator  
  61  15:32  Marine  
  63  16:20  Banshee  
  66  16:42  Marauder  
  66  16:43  Marine  
  66  16:44  Marine  
  70  17:01  Marine  
  70  17:02  Marine  
  70  17:04  Marauder  
Show
View Real Time Build Order
Export as new Build Order

Smileblind Terran 

Build Orders:  

Get SALT Encoding   

  12  0:02  SCV  
  13  0:19  Supply Depot  
  13  0:25  SCV  
  14  0:34  Refinery  
  14  0:38  SCV  
  15  0:46  Supply Depot  
  15  0:50  SCV  
  16  0:58  Barracks  
  16  1:02  SCV  
  17  1:14  SCV  
  18  1:22  Barracks  
  18  1:37  Refinery  
  18  1:43  SCV  
  19  1:52  Supply Depot  
  19  1:55  SCV  
  20  2:01  Reaper  
  20  2:07  SCV  
  22  2:19  SCV  
  23  2:26  Bunker  
  23  2:31  SCV  
  23  2:33  Reaper  
  25  2:43  SCV  
  26  2:56  SCV  
  27  2:58  Reaper  
  27  2:59  Command Center  
  29  3:15  Factory  
  28  3:37  Marine x2  
  28  3:50  Supply Depot  
  28  3:55  SCV, Marine  
  28  4:02  Factory Tech Lab  
  30  4:07  SCV, Barracks Tech Lab  
  30  4:08  Barracks Reactor  
  30  4:13  Marine  
  30  4:16  Supply Depot  
  31  4:20  SCV  
  32  4:31  Marine  
  33  4:35  Siege Tank  
  36  4:46  Starport  
  36  4:49  Marine  
  36  4:52  Supply Depot  
  37  5:01  Marine  
  37  5:02  Engineering Bay  
  37  5:03  Marine  
  37  5:06  Marine  
  40  5:07  Siege Tank  
  40  5:11  SCV  
  44  5:23  SCV  
  44  5:28  Marine x3  
  49  5:35  SCV  
  49  5:37  Terran Infantry Weapons Level 1  
  49  5:40  Siege Tank  
  49  5:42  Medivac  
  54  5:46  Marine x3  
  57  5:54  Missile Turret  
  57  5:55  Missile Turret  
  57  5:58  SCV  
  58  6:05  SCV  
  59  6:16  Factory  
  59  6:17  SCV  
  58  6:29  SCV  
  58  6:32  Cyclone  
  62  6:38  Marine x2  
  62  6:39  Marine  
  65  6:52  Medivac  
  67  6:56  Marine x2  
  67  6:59  Planetary Fortress  
  69  7:02  Factory Tech Lab  
  69  7:04  Cyclone  
  69  7:07  Missile Turret  
  72  7:21  Medivac  
  74  7:22  Marine  
  74  7:23  Marine x2  
  74  7:29  Bunker  
  77  7:36  Supply Depot  
  77  7:40  Supply Depot, Marine  
  77  7:44  Supply Depot  
  78  7:57  Refinery, Marine x2  
  78  7:58  SCV, Siege Tank  
  84  8:01  Barracks  
  84  8:10  SCV, Supply Depot  
  84  8:11  Sensor Tower  
  85  8:22  SCV  
  86  8:28  Refinery  
  86  8:30  Siege Tank  
  89  8:34  SCV  
  89  8:38  Marine x3  
  93  8:46  SCV  
  94  8:49  Medivac  
  94  8:55  Marine  
  97  8:56  Marine x3  
  100  9:04  Supply Depot  
  100  9:10  SCV  
  100  9:13  Marine  
  100  9:14  Marine  
  103  9:22  SCV  
  104  9:25  Cyclone  
  104  9:30  Supply Depot, Marine  
  108  9:34  SCV, Missile Turret  
  100  9:48  Marine  
  97  9:57  Cyclone  
  91  10:13  Marine  
  86  10:20  Marine x3  
  89  10:24  Cyclone  
  92  10:30  Factory Tech Lab  
  92  10:31  Marine  
  93  10:38  Marine x3  
  96  10:49  Marine  
  97  10:55  Supply Depot, Marine  
  97  10:56  Marine x2  
  100  11:07  Marine  
  101  11:13  Marine x2  
  101  11:14  Marine  
  92  11:25  Marine  
  81  11:31  Marine  
  82  11:43  Marine  
  75  12:13  Marine  
  75  12:16  Siege Tank  
  75  12:19  Marine  
  75  12:22  Marine x2  
  81  12:25  Medivac  
  83  12:30  Marine  
  83  12:33  Supply Depot  
  74  12:37  Marine  
  74  12:39  Marine x2  
  77  12:48  Siege Tank, Marine  
  81  12:55  Medivac  
  82  13:06  Marine  
  72  13:20  Siege Tank  
  72  13:24  Marine  
  76  13:33  Marine  
  76  13:34  Marine  
  78  13:35  Marine  
  78  13:36  Command Center  
  79  13:42  Marine  
  80  13:52  Siege Tank  
  83  13:59  Marine  
  84  14:15  Marine x2  
  86  14:17  Marine  
  87  14:24  Siege Tank  
  90  14:33  Marine x2  
  92  14:50  Marine  
  92  14:51  Marine  
  94  14:56  Cyclone  
  97  15:08  Marine  
  79  15:28  Cyclone  
  76  15:49  Marine x3  
  68  16:01  SCV  
  69  16:07  Marine x3  
  72  16:13  SCV  
  73  16:19  Medivac  
  73  16:24  Marine  
  73  16:25  Marine x2  
  78  16:39  Marine  
  79  16:42  Marine  
Tags
 
Matchup
TvT
Race
Terran
Spawn Locations
Cross Positions
Add a new tag
Caveats
  • Supply blocks, unpowered buildings, or Contaminate may cause inaccurate times.
  • Supply counts are checked every 10 seconds.